Map: [ESL] Site Delta

Players

Maru

  • Race: Terran Terran
  • Spawn Location: 5:00

herO - Winner!

  • Race: Protoss Protoss
  • Spawn Location: 11:00

Event: ESL SC2 Masters 2023 Winter (Finals)

VOD

Have the link to the VOD?

Description

Time

  • Played on: Dec. 16, 2023, 9:31 a.m.
  • Length: 9:21

All games in this series

Show
View Real Time Build Order
Export as new Build Order

Maru Terran 

Build Orders: Reaper Expand 

Get SALT Encoding   

  12  0:00  SCV  
  13  0:12  SCV  
  14  0:17  Supply Depot  
  14  0:24  SCV  
  15  0:38  SCV  
  15  0:39  Barracks  
  15  0:42  Refinery  
  16  0:51  SCV  
  17  1:03  SCV  
  18  1:15  SCV  
  19  1:26  Reaper  
  19  1:27  Orbital Command  
  20  1:39  Command Center  
  20  1:49  Supply Depot  
  20  1:52  SCV  
  21  1:58  Marine  
  22  2:04  SCV  
  22  2:07  Factory  
  23  2:14  Bunker  
  23  2:16  Marine  
  23  2:19  SCV  
  25  2:24  Refinery  
  25  2:31  SCV  
  25  2:34  Barracks Reactor  
  26  2:43  SCV  
  27  2:50  Hellion  
  29  2:55  SCV  
  29  2:57  Orbital Command, Starport  
  30  3:07  SCV  
  30  3:11  Marine x2  
  30  3:12  Widow Mine  
  35  3:19  SCV  
  36  3:21  Barracks  
  36  3:24  SCV  
  37  3:29  Marine x2  
  41  3:34  Supply Depot  
  41  3:37  Medivac  
  43  3:42  SCV  
  43  3:46  SCV  
  43  3:48  Marine x2  
  43  3:52  Factory Tech Lab  
  43  3:54  SCV  
  44  3:59  SCV  
  44  4:03  Barracks  
  44  4:06  SCV  
  44  4:08  Marine x3  
  44  4:09  Starport Tech Lab  
  48  4:10  Siege Tank  
  48  4:11  SCV  
  48  4:14  Supply Depot  
  52  4:18  SCV  
  52  4:22  Supply Depot  
  52  4:23  SCV  
  54  4:33  Engineering Bay  
  54  4:36  Raven, SCV, Marine x3  
  54  4:37  SCV  
  61  4:40  Refinery  
  61  4:47  Siege Tank  
  61  4:51  SCV x2  
  66  4:54  Marine  
  66  4:57  Marine x2  
  68  5:03  SCV x2  
  67  5:11  Marine  
  69  5:15  SCV  
  69  5:16  SCV  
  67  5:21  Siege Tank  
  67  5:27  SCV  
  67  5:28  SCV  
  56  5:36  Stimpack, Marine x2  
  56  5:40  SCV x2  
  56  5:41  Terran Infantry Weapons Level 1, Marine  
  61  5:48  Marine  
  62  5:52  SCV x2  
  62  5:53  Marine  
  62  5:54  Marine  
  63  6:00  Marine  
  63  6:04  SCV x2  
  60  6:06  Siege Tank, Marine  
  64  6:11  Marine x2  
  64  6:16  SCV x2  
  64  6:17  Marine  
  66  6:21  Starport Reactor  
  66  6:24  Marine  
  65  6:28  SCV x2  
  65  6:29  Marine x2  
  66  6:36  Supply Depot  
  66  6:37  Refinery  
  66  6:40  SCV x2  
  66  6:41  Marine  
  66  6:46  Factory Reactor  
  67  6:47  Marauder, Marine x2  
  67  6:52  SCV  
  67  6:53  Combat Shield  
  70  6:54  Supply Depot  
  70  6:58  SCV  
  70  7:00  Marauder  
  73  7:03  Medivac  
  73  7:04  SCV  
  73  7:05  Marine x2  
  73  7:08  Marine  
  78  7:10  SCV  
  79  7:16  SCV  
  79  7:21  Supply Depot, Marine  
  79  7:22  Marine, SCV  
  82  7:23  Marine  
  82  7:26  Marauder  
  82  7:28  SCV  
  82  7:29  Widow Mine x2  
  91  7:30  Medivac  
  91  7:34  Supply Depot  
  91  7:37  Concussive Shells  
  93  7:40  Marine  
  93  7:43  Marine, Marauder  
  97  7:47  Marine  
  97  7:49  Supply Depot  
  97  7:50  Medivac  
  100  7:57  SCV  
  100  7:58  Marine  
  89  8:01  Marine  
  89  8:02  Orbital Command, Widow Mine  
  89  8:03  Marine  
  89  8:04  Widow Mine  
  94  8:09  Marauder  
  94  8:11  SCV  
  83  8:16  Marine  
  83  8:19  Marine  
  74  8:22  Marauder  
  74  8:23  SCV  
  71  8:31  Marauder  
  71  8:34  Marine  
  73  8:35  SCV  
  73  8:36  Marine  
  73  8:37  SCV  
  73  8:39  Medivac  
  76  8:43  Marine  
  76  8:47  SCV  
  74  8:49  SCV  
  74  8:51  Marine  
  74  8:52  Marine  
  74  8:54  Marine  
  71  8:59  SCV  
  71  9:00  Marine  
  71  9:01  SCV  
  77  9:15  Supply Depot  
Show
View Real Time Build Order
Export as new Build Order

herO Protoss - Winner!

Build Orders: 1 Gate Expand, Blink Stalkers, Chargelot Immortal 

Get SALT Encoding   

  12  0:00  Probe  
  13  0:12  Probe  
  14  0:17  Pylon  
  14  0:24  Probe  
  15  0:35  Gateway  
  15  0:36  Probe (Chrono Boost)  
  15  0:42  Assimilator  
  16  0:48  Probe (Chrono Boost)  
  17  0:54  Probe (Chrono Boost)  
  18  1:03  Probe  
  19  1:15  Probe  
  20  1:22  Cybernetics Core  
  20  1:32  Nexus  
  20  1:38  Pylon  
  20  1:41  Probe  
  21  1:47  Assimilator  
  21  1:53  Probe  
  22  1:55  Adept (Chrono Boost)  
  22  1:59  Warp Gate  
  24  2:05  Probe  
  25  2:14  Twilight Council  
  25  2:18  Adept  
  25  2:21  Probe  
  28  2:34  Probe  
  30  2:44  Probe  
  30  2:46  Blink (Chrono Boost), Probe  
  33  2:56  Probe  
  33  2:58  Probe  
  33  2:59  Gateway  
  33  3:09  Robotics Facility  
  33  3:10  Probe x2  
  35  3:16  Gateway  
  35  3:22  Probe  
  35  3:24  Probe  
  37  3:29  Pylon  
  37  3:35  Probe  
  37  3:36  Probe  
  37  3:40  Gateway  
  39  3:47  Stalker  
  40  3:50  Probe x2  
  40  3:53  Stalker  
  44  3:57  Warp Prism (Chrono Boost)  
  46  4:10  Stalker  
  46  4:11  Stalker  
  46  4:14  Pylon  
  46  4:16  Probe  
  51  4:17  Probe  
  51  4:20  Stalker  
  54  4:32  Probe x2  
  54  4:33  Pylon  
  57  4:40  Assimilator  
  56  4:46  Stalker x3  
  56  4:52  Probe x2  
  64  5:10  Stalker x3  
  64  5:13  Pylon  
  60  5:36  Stalker x4  
  60  5:37  Probe  
  60  5:38  Nexus  
  60  5:40  Pylon  
  60  5:41  Charge (Chrono Boost)  
  69  6:00  Stalker x3  
  69  6:02  Probe  
  69  6:03  Probe  
  75  6:07  Stalker x2  
  75  6:08  Immortal (Chrono Boost)  
  81  6:21  Gateway  
  81  6:24  Gateway  
  79  6:26  Probe x2  
  75  6:38  Gateway, Stalker x2  
  79  6:40  Gateway  
  79  6:46  Immortal (Chrono Boost)  
  83  6:54  Sentry, Zealot  
  83  6:58  Probe x3  
  90  7:01  Pylon  
  90  7:03  Zealot  
  90  7:04  Sentry  
  94  7:14  Probe  
  97  7:18  Pylon  
  97  7:21  Zealot x4  
  103  7:26  Zealot, Immortal (Chrono Boost)  
  109  7:37  Zealot x2  
  109  7:38  Forge  
  109  7:42  Zealot x2  
  117  7:57  Sentry x2  
  117  8:04  Zealot  
  117  8:09  Zealot x5  
  117  8:12  Immortal (Chrono Boost)  
  99  8:25  Probe x3  
  88  8:27  Dark Shrine  
  88  8:31  Zealot x5  
  98  8:39  Zealot x3  
  102  8:43  Probe x3  
  102  8:44  Observer (Chrono Boost)  
  102  8:47  Assimilator  
  102  8:48  Assimilator  
  102  8:55  Probe x2  
  94  9:00  Stalker x2  
  94  9:01  Stalker  
  100  9:03  Observer (Chrono Boost)  
  100  9:06  Stalker  
Tags
 
Add a new tag
Caveats
  • Supply blocks, unpowered buildings, or Contaminate may cause inaccurate times.
  • Supply counts are checked every 10 seconds.